 Dungeon Sprint DCSS version 0.20-a0-1058-g0491fde (webtiles) character file.

2171 lordofpotatos the Covert (level 9, 0/63 HPs)
             Began as a Gargoyle Fighter on Apr 26, 2017.
             Was a Priest of Makhleb.
             Slain by a fire elemental (7 damage)
             ... summoned by a deep elf mage
             ... in the Dungeon (Sprint V: "Ziggurat Sprint").
             The game lasted 00:04:51 (220 turns).

lordofpotatos the Covert (Gargoyle Fighter)          Turns: 220, Time: 00:04:52

Health: 0/63       AC: 35    Str: 40    XL:     9   Next: 32%
Magic:  15/16      EV:  8    Int:  9    God:    Makhleb [***...]
Gold:   0          SH:  0    Dex:  9    Spells: 8/8 levels left

rFire    . . .     SeeInvis .   j - +10 dark maul {crush}
rCold    . . .     Gourm    .   (shield currently unavailable)
rNeg     + . .     Faith    .   n - +15 Maxwell's patent armour {-Cast -Tele rElec MR+ rCorr}
rPois    ∞         Spirit   .   (no helmet)
rElec    +         Reflect  .   (no cloak)
rCorr    +         Harm     .   (no gloves)
MR       +....     NoTele   +   (no boots) Stlth ..........NoCast +
                                (no amulet)
Regen    0.2/turn               A - +6 ring of strength
MPRegen  0.2/turn               B - +6 ring of strength

@: mighty
A: negative energy resistance 1, electricity resistance, unbreathing,
petrification resistance, rot immunity, AC +5
a: Minor Destruction, Lesser Servant of Makhleb, Renounce Religion


You were in the Dungeon.
You worshipped Makhleb.
Makhleb was most pleased with you.
You were not hungry.

You visited 1 branch

Inventory:

Hand Weapons
 j - the +10 dark maul (weapon) {crush}
   (You found it in the Dungeon)

   It inflicts extra damage upon your enemies.
Armour
 n - the +15 Maxwell's patent armour (worn) {-Cast -Tele rElec MR+ rCorr}
   (You found it in the Dungeon)

   It insulates you from electricity.
   It affects your resistance to hostile enchantments.
   It prevents spellcasting.
   It prevents most forms of teleportation.
   It protects you from acid and corrosion.
Jewellery
 A - a +6 ring of strength (left hand)
 B - a +6 ring of strength (right hand)
Scrolls
 s - 5 scrolls of remove curse
Potions
 a - 2 potions of brilliance
 b - 2 potions of invisibility
 c - 5 potions of might
 e - 10 potions of curing
 f - 9 potions of heal wounds
 g - 6 potions of haste
 h - 7 potions of magic
 i - 2 potions of berserk rage
 k - 4 potions of resistance
 m - 5 potions of agility
Comestibles
 d - 5 bread rations
 u - 42 fruits
 v - 4 meat rations


   Skills:
 + Level 10.8 Fighting
 + Level 9.4 Maces & Flails
 + Level 10.8 Armour
 + Level 11.1 Stealth
   Level 3.2 Shields
 - Level 2.0 Unarmed Combat
 + Level 10.2 Invocations


You had 8 spell levels left.
You didn't know any spells.

Dungeon Overview and Level Annotations

Branches:
Dungeon (1/1)

Altars:
Ashenzari
Cheibriados
Dithmenos
Elyvilon
Fedhas
Gozag
Hepliaklqana
Kikubaaqudgha
Makhleb
Nemelex Xobeh
Okawaru
Qazlal
Ru
Sif Muna
Trog
Uskayaw
Vehumet
Wu Jian
Xom
Yredelemnul
Zin
The Shining One
Beogh
Jiyva
Lugonu

Annotations:
D 1 transporter


Innate Abilities, Weirdness & Mutations

You are resistant to torment.
Your stone body is resilient. (AC +5)
You are immune to poison.
You resist negative energy. (rN+)
You are resistant to electric shocks. (rElec)
You can survive without breathing.
You are immune to petrification.
You are immune to rotting.


Message History

The fire elemental hits you.
* * * LOW HITPOINT WARNING * * *
The fire elemental hits you. The fire elemental burns you!
* * * LOW HITPOINT WARNING * * *
You feel much better. The fire elemental hits you.
The deep elf mage mumbles some strange words.
The deep elf mage blinks!
The fire elemental barely misses you. The fire elemental hits you.
The fire elemental barely misses you.
You closely miss the fire elemental. The fire elemental hits you.
The fire elemental burns you! The fire elemental hits you.
The fire elemental burns you! The fire elemental hits you. x3
The fire elemental burns you!
* * * LOW HITPOINT WARNING * * *
The fire elemental hits you. The fire elemental burns you!
* * * LOW HITPOINT WARNING * * *
The deep elf mage gestures wildly while chanting.
The deep elf mage blinks!
The fire elemental completely misses you.
The fire elemental hits you. The fire elemental burns you!
You die...

▓.....▓.....▓..=..▓
▓.....▓.....▓▓▓▓▓▓▓
▓▓▓▓▓▓▓▓▓▓▓▓▓▓
▓..8©8...▓
▓..})}...▓
▓...e....▓
▓.§......▓
▓..EE)...▓
▓.▓.@E.▓.▓
▓...(....▓
▓▓▓▓▓▓▓▓▓▓


You could see a deep elf mage and 3 fire elementals.

Vanquished Creatures
  2 deep elf knights (D)
  A deep elf mage (D)
  2 steam dragons (D)
  A water moccasin (D)
  A swamp drake (D)
  2 scorpions (D)
  An adder (D)
  2 ball pythons (D)
12 creatures vanquished.

Notes
Turn   | Place    | Note
-------+----------+-------------------------------------------
     0 | D        | lordofpotatos the Gargoyle Fighter began the quest for the Orb.
     0 | D        | Reached XP level 1. HP: 14/14 MP: 1/1
    12 | D        | Found a deep blue altar of Sif Muna.
    12 | D        | Found a bloodstained altar of Trog.
    12 | D        | Found a sacrificial altar of Ru.
    12 | D        | Found a stormy altar of Qazlal.
    12 | D        | Found an iron altar of Okawaru.
    13 | D        | Found a sparkling altar of Nemelex Xobeh.
    13 | D        | Found a blossoming altar of Fedhas.
    15 | D        | Found an ancient bone altar of Kikubaaqudgha.
    15 | D        | Found a viscous altar of Jiyva.
    15 | D        | Found a corrupted altar of Lugonu.
    15 | D        | Found a hazy altar of Hepliaklqana.
    15 | D        | Found a burning altar of Makhleb.
    15 | D        | Found an opulent altar of Gozag.
   101 | D        | Became a worshipper of Makhleb the Destroyer
   110 | D        | Entered arena 2.
   110 | D        | Noticed a scorpion
   110 | D        | Noticed a scorpion
   112 | D        | Killed a scorpion
   112 | D        | Reached skill level 3 in Stealth
   112 | D        | Reached XP level 2. HP: 20/20 MP: 1/4
   112 | D        | Reached XP level 3. HP: 24/24 MP: 1/5
   113 | D        | Killed a scorpion
   113 | D        | Reached skill level 5 in Fighting
   113 | D        | Reached skill level 5 in Armour
   113 | D        | Reached skill level 4 in Stealth
   113 | D        | Reached XP level 4. HP: 31/31 MP: 1/7
   124 | D        | Reached skill level 5 in Maces & Flails
   124 | D        | Reached skill level 7 in Stealth
   124 | D        | Reached XP level 5. HP: 34/38 MP: 2/9
   174 | D        | Entered arena 3.
   174 | D        | Noticed a steam dragon
   174 | D        | Noticed a swamp drake
   174 | D        | Noticed a steam dragon
   181 | D        | Killed a steam dragon
   181 | D        | Reached * piety under Makhleb
   181 | D        | Reached XP level 6. HP: 44/44 MP: 9/11
   182 | D        | Killed a swamp drake
   182 | D        | Reached skill level 8 in Stealth
   183 | D        | Killed a steam dragon
   183 | D        | Reached XP level 7. HP: 50/50 MP: 9/12
   192 | D        | Entered arena 4.
   196 | D        | Reached ** piety under Makhleb
   211 | D        | Entered arena 5.
   211 | D        | Noticed a deep elf knight
   211 | D        | Noticed a deep elf mage
   211 | D        | Noticed a deep elf knight
   211 | D        | Noticed a deep elf mage
   215 | D        | Noticed a fire elemental
   215 | D        | Killed a deep elf knight
   215 | D        | Reached *** piety under Makhleb
   215 | D        | Reached skill level 9 in Stealth
   215 | D        | Reached XP level 8. HP: 57/57 MP: 14/14
   216 | D        | Killed a deep elf mage
   216 | D        | Reached skill level 10 in Fighting
   216 | D        | Reached skill level 10 in Armour
   216 | D        | Reached skill level 10 in Stealth
   217 | D        | Killed a deep elf knight
   217 | D        | Reached skill level 11 in Stealth
   217 | D        | Reached skill level 10 in Invocations
   217 | D        | Reached XP level 9. HP: 55/63 MP: 14/16
   218 | D        | HP: 3/63 [fire elemental[a deep elf mage] (8)]
   220 | D        | Slain by a fire elemental

Vault maps used:
D:        sprint_v

Skill      XL: |  1  2  3  4  5  6  7  8 |
---------------+-------------------------+-----
Fighting       | 4 5 7 8 9 10 | 10.8
Maces & Flails | 2 3 5 6 7 8 9 |  9.4
Armour         | 4 5 7 8 9 10 | 10.8
Stealth        | 3 4 7 8 9 11 | 11.1
Invocations    | 3 4 6 7 9 10 | 10.2
Shields        | |  3.2
Unarmed Combat | |  2.0

Action                   |  1- 3 |  4- 6 |  7- 9 || total
-------------------------+-------+-------+-------++-------
Melee: Maul              |     2 |     7 |    14 ||    23
  Use: Potion            |     1 |     1 |     2 ||     4
Armor: Plate armour      |     1 |    15 |    91 ||   107
Dodge: Dodged            |       |     6 |    26 ||    32
